 Dungeon Crawl Stone Soup version 0.21.1-1-g345015f (webtiles) character file.

32 Mirai the Sneak (level 3, 0/19 HPs)
             Began as a Kobold Enchanter on Apr 30, 2018.
             Slain by a jackal (1 damage)
             ... on level 3 of the Dungeon.
             The game lasted 00:02:13 (1303 turns).

Mirai the Sneak (Kobold Enchanter)                  Turns: 1303, Time: 00:02:14

Health: 0/19       AC:  2    Str:  5    XL:     3   Next: 45%
Magic:  6/6        EV: 15    Int: 16    God:
Gold:   92         SH:  4    Dex: 16    Spells: 1/7 levels left

rFire    . . .     SeeInvis .   j - +0 dagger (venom)
rCold    . . .     Gourm    .   n - +0 buckler
rNeg     . . .     Faith    .   b - +0 robe
rPois    +         Spirit   .   (no helmet)
rElec    .         Reflect  .   (no cloak)
rCorr    .         Harm     .   (no gloves)
MR       .....                  (no boots)
Stlth    +++.......             (no amulet)
HPRegen  0.06/turn              k - ring of poison resistance
MPRegen  0.10/turn              (no ring)

@: no status effects
A: small, carnivore
a: no special abilities


You were on level 3 of the Dungeon.
You were completely stuffed.

You visited 1 branch of the dungeon, and saw 3 of its levels.

You collected 92 gold pieces.

Inventory:

Hand Weapons
 j - a +0 dagger of venom (weapon)
Armour
 b - a +0 robe (worn)
 n - a +0 buckler (worn)
Jewellery
 k - a ring of poison resistance (left hand)
Scrolls
 e - 2 scrolls of immolation {unknown}
 f - a scroll of blinking {unknown}
 g - 3 scrolls of magic mapping {unknown}
 h - a scroll of enchant weapon {unknown}
 i - 4 scrolls of identify {unknown}
 l - a scroll of teleportation {unknown}
 m - a scroll of remove curse {unknown}
Potions
 a - 2 potions of curing {unknown}
Books
 c - a book of Maledictions

   Spells                             Type                      Level
   a - Corona                         Hexes                        1
   b - Ensorcelled Hibernation        Hexes/Ice                    2
   c - Confuse                        Hexes                        3
   d - Tukima's Dance                 Hexes                        3
   e - Dazzling Spray                 Conjuration/Hexes            3
Comestibles
 d - 6 rations


   Skills:
 + Level 2.1 Short Blades
 + Level 2.9 Dodging
 + Level 4.4 Stealth
 + Level 0.0 Shields
 + Level 2.5 Spellcasting
 + Level 3.3 Hexes


You had one spell level left.
You knew the following spells:

 Your Spells              Type           Power        Failure   Level  Hunger
a - Corona                Hex            ##.....      9%          1    #......
b - Ensorcelled Hibernat  Hex/Ice        #.....       26%         2    ##.....
c - Confuse               Hex            ##......     26%         3    ###....


Dungeon Overview and Level Annotations

Branches:
Dungeon (3/15)

Altars:


Innate Abilities, Weirdness & Mutations

You are small and have problems with some larger weapons.
You are carnivorous and can eat meat at any time.


Message History

The jackal closely misses you. The jackal bites you.
You completely miss the jackal. The jackal barely misses you. x2
The jackal bites you.
You closely miss the jackal. The jackal bites you.
The jackal completely misses you. The jackal closely misses you.
You hit the jackal but do no damage.
The jackal is poisoned.
You kill the jackal!
You block the jackal's attack. The jackal bites you. x2
You hit the jackal but do no damage.
The jackal is poisoned.
The jackal bites you.
* * * LOW HITPOINT WARNING * * *
The jackal barely misses you. The jackal bites you.
* * * LOW HITPOINT WARNING * * *
The phantom blinks!
The jackal bites you.
* * * LOW HITPOINT WARNING * * *
You block the jackal's attack. The jackal barely misses you.
The phantom blinks!
The jackal bites you.
You die...

..........#
.........#
........†#
.###......#
.§........#
#.........#
####...h.#
#...h.#
#...@.#
##..######
#.......#
#.......#
#.......#
#.......#
##......#
#)....<#
#......#


You could see 2 jackals.

Vanquished Creatures
  An adder (D:2)
  A worm (D:2)
  A giant cockroach (D:1)
  2 goblins (D:1)
  A jackal (D:3)
  5 bats
  2 frilled lizards
  5 kobolds
  3 rats
21 creatures vanquished.

Notes
Turn   | Place    | Note
-------+----------+-------------------------------------------
     0 | D:1      | Mirai the Kobold Enchanter began the quest for the Orb.
     0 | D:1      | Reached XP level 1. HP: 10/10 MP: 3/3
   409 | D:1      | Reached XP level 2. HP: 15/15 MP: 5/5
   419 | D:1      | Learned a level 2 spell: Ensorcelled Hibernation
   938 | D:2      | Reached XP level 3. HP: 19/19 MP: 6/6
   976 | D:2      | Learned a level 3 spell: Confuse
  1289 | D:3      | Noticed a phantom
  1303 | D:3      | Slain by a jackal

Skill      XL: |  1  2 |
---------------+-------+-----
Short Blades   | 2 |  2.1
Dodging        | |  2.9
Stealth        | |  4.4
Spellcasting   | |  2.5
Hexes          | |  3.3

Action                   || total
-------------------------++-------
Melee: Dagger            ||    66
 Cast: Ensorcelled Hiber ||     1
 Stab: Sleeping          ||     9
  Eat: Chunk             ||    10
Armor: Robe              ||    17
Dodge: Dodged            ||    57
Block: Buckler           ||     3
